Match 45403946
Unlisted

Match 45403946
End
Vickers Machine Gun Team
Construct Section Command Post
Dingo Light Scout Car
Selects Heavy Armor Battlegroup
Infantry Section
ML 3-inch Mortar Team
Selects Rigorous Vehicle Training
Construct Platoon Command Post
Humber Armored Car
Humber Armored Car
Humber Armored Car
Humber Armored Car
Humber Armored Car
Selects Light Vehicle Withdraw and Refit
Selects Forward Repair Assembly
Selects UNKNOWN (2162094)
Light Vehicle Withdraw and Refit
Construct Company Command Post
Selects Radio Net
Selects Recon Artillery
Light Vehicle Withdraw and Refit
Foot Guards Section
Recon Artillery
Churchill IV Heavy Tank
Foot Guards Section
Foot Guards Section
Unlock Bishop Self-propelled Artillery
Recon Artillery
Churchill IV Heavy Tank
Armored Vehicle Training
403671774
Chicken
Ermac
Why you again
0
0

Comments sign in to comment!

No comments posted yet!